Map: Odyssey LE

Players

HateMe - Winner!

  • Race: Zerg Zerg
  • Spawn Location: 11:00

stakiimaN (stakimaN)

  • Race: Zerg Zerg
  • Spawn Location: 5:00

Event: WCS Valencia 2017

VOD

Have the link to the VOD?

Description

Time

  • Played on: July 13, 2017, 10 a.m.
  • Length: 14:19

All games in this series

Show
View Real Time Build Order
Export as new Build Order

HateMe Zerg - Winner!

Build Orders: Hatch First 

Get SALT Encoding   

  12  0:02  Drone  
  13  0:12  Overlord  
  13  0:17  Drone  
  14  0:31  Drone x2  
  14  0:34  Drone  
  17  0:52  Hatchery  
  17  0:54  Drone  
  17  0:58  Drone  
  17  1:02  Extractor  
  17  1:14  Spawning Pool  
  17  1:16  Drone  
  17  1:19  Drone  
  18  1:28  Drone  
  19  1:39  Overlord  
  19  1:53  Drone  
  20  2:00  Queen  
  22  2:02  Metabolic Boost  
  22  2:04  Queen  
  22  2:05  Zergling x2  
  22  2:06  Zergling x2  
  26  2:11  Zergling x2  
  26  2:15  Drone  
  28  2:22  Drone  
  29  2:29  Drone  
  30  2:35  Overlord  
  30  2:36  Queen  
  32  2:47  Baneling Nest  
  31  2:52  Drone x3  
  31  2:54  Drone  
  31  2:58  Drone  
  36  3:05  Drone  
  37  3:08  Drone  
  38  3:15  Hatchery  
  37  3:22  Zergling x6  
  37  3:26  Overlord  
  40  3:29  Drone  
  40  3:31  Drone  
  40  3:32  Drone  
  43  3:38  Drone  
  44  3:41  Baneling  
  44  3:42  Baneling x2  
  44  3:45  Drone  
  44  3:46  Drone x3  
  47  3:50  Overlord  
  47  3:53  Zergling x4  
  47  3:55  Zergling x2  
  50  3:56  Baneling  
  50  3:58  Baneling  
  50  4:00  Drone x2  
  52  4:09  Drone  
  53  4:10  Drone  
  53  4:14  Evolution Chamber, Lair  
  53  4:18  Overlord  
  52  4:25  Extractor, Drone x3  
  52  4:26  Roach Warren  
  53  4:35  Drone x2  
  55  4:40  Overlord  
  52  4:55  Drone  
  52  4:56  Drone x3  
  53  5:00  Overlord  
  53  5:06  Drone, Overlord  
  55  5:07  Roach, Drone x2  
  55  5:08  Roach  
  55  5:09  Roach x2  
  55  5:10  Roach x3  
  55  5:11  Roach  
  72  5:18  Glial Reconstitution  
  72  5:21  Overlord  
  72  5:22  Drone x2  
  72  5:23  Drone  
  72  5:25  Drone  
  76  5:29  Drone x3  
  76  5:34  Extractor  
  76  5:35  Extractor  
  77  5:36  Extractor x2, Zerg Missile Weapons Level 1  
  77  5:38  Overlord  
  77  5:39  Drone x6  
  77  5:41  Drone  
  77  5:42  Drone  
  83  5:46  Overseer  
  83  5:47  Drone  
  84  6:00  Drone  
  84  6:01  Drone x3  
  84  6:03  Drone x2  
  90  6:06  Overlord  
  90  6:07  Roach x5  
  90  6:08  Roach x2  
  102  6:12  Roach  
  102  6:14  Roach  
  102  6:17  Roach  
  108  6:22  Hatchery  
  108  6:24  Roach  
  109  6:28  Overlord  
  109  6:29  Overlord  
  109  6:30  Roach x2  
  109  6:32  Roach  
  115  6:33  Overseer  
  115  6:36  Roach  
  115  6:37  Roach  
  115  6:39  Tunneling Claws  
  119  6:42  Burrow  
  119  6:44  Overlord  
  119  6:46  Roach  
  121  6:48  Roach  
  121  6:49  Roach  
  125  6:54  Roach  
  125  6:55  Roach x2  
  125  6:57  Roach x2  
  135  7:04  Overlord x2  
  135  7:05  Roach x2  
  139  7:09  Roach x2  
  139  7:11  Roach  
  145  7:19  Overlord  
  145  7:20  Overlord  
  145  7:26  Roach x5  
  155  7:34  Overlord  
  155  7:35  Roach x4  
  163  7:37  Zerg Missile Weapons Level 2, Unknown  
  163  7:41  Ravager x3  
  163  7:42  Ravager  
  167  7:47  Roach x4  
  167  7:49  Roach  
  177  7:51  Overlord  
  177  7:55  Overseer  
  177  7:57  Pneumatized Carapace  
  177  8:00  Roach  
  177  8:01  Roach  
  181  8:08  Overseer  
  181  8:10  Roach x5  
  191  8:15  Roach x3  
  197  8:21  Roach x2  
  197  8:23  Roach  
  197  8:26  Roach  
  199  8:38  Ravager  
  172  8:56  Roach x2  
  172  8:57  Roach x13  
  172  9:00  Roach x3  
  192  9:09  Roach  
  200  9:10  Roach x5  
  200  9:11  Roach  
  200  9:13  Roach  
  200  9:14  Roach x2  
  194  9:18  Roach x3  
  180  9:28  Roach x4  
  162  9:38  Drone x20  
  154  9:39  Roach x4  
  154  9:40  Queen x3  
  154  9:41  Roach  
  154  9:42  Drone x17  
  154  9:44  Roach  
  154  9:45  Roach x3  
  162  9:48  Roach  
  162  9:49  Roach x2  
  162  9:52  Roach x2  
  166  9:56  Roach  
  168  10:01  Roach  
  168  10:06  Drone x3  
  169  10:11  Roach  
  161  10:19  Drone  
  161  10:20  Drone  
  163  10:28  Roach x5, Overlord  
  173  10:29  Queen  
  169  10:38  Queen, Drone x3  
  169  10:40  Roach x3  
  180  10:44  Roach  
  180  10:45  Roach x2  
  186  10:50  Roach x4  
  186  10:52  Roach x2  
  186  10:54  Roach  
  188  10:59  Roach x3  
  186  11:10  Roach  
  186  11:11  Roach x3  
  181  11:13  Overseer  
  181  11:17  Roach x3  
  183  11:24  Roach x2  
  187  11:31  Roach  
  187  11:32  Roach x4  
  196  11:33  Roach  
  180  11:40  Roach x3  
  160  11:48  Roach x4  
  156  11:54  Roach x6  
  156  11:56  Roach x33  
  166  12:02  Roach x3  
  172  12:12  Roach x3  
  178  12:17  Ravager, Roach x18  
  183  12:24  Roach  
  183  12:25  Roach  
  183  12:29  Roach  
  191  12:30  Roach  
  191  12:32  Roach  
  189  12:40  Roach x3  
  189  12:43  Roach x21  
  155  12:46  Roach  
  126  12:55  Roach x4  
  109  13:08  Roach  
  109  13:09  Roach x3  
  110  13:21  Roach x3  
  110  13:26  Roach x3  
  114  13:28  Roach x2  
  114  13:31  Roach  
  116  13:35  Roach x2  
  120  13:46  Roach  
  120  13:47  Roach x3  
  124  13:49  Roach  
Show
View Real Time Build Order
Export as new Build Order

stakiimaN Zerg 

Build Orders: Hatch First 

Get SALT Encoding   

  12  0:00  Drone  
  13  0:12  Overlord  
  13  0:16  Drone  
  14  0:30  Drone x2  
  14  0:34  Drone  
  17  0:53  Hatchery, Drone  
  17  0:57  Drone  
  17  1:04  Extractor  
  17  1:11  Spawning Pool  
  17  1:15  Drone  
  17  1:19  Drone  
  18  1:27  Drone  
  19  1:38  Overlord  
  19  1:49  Drone  
  20  1:58  Queen  
  20  1:59  Zergling x2  
  23  2:03  Metabolic Boost  
  23  2:05  Queen  
  23  2:06  Zergling x2  
  26  2:11  Drone  
  27  2:16  Zergling x2  
  27  2:21  Drone  
  29  2:27  Drone  
  30  2:32  Drone  
  30  2:33  Baneling Nest  
  30  2:38  Drone  
  30  2:43  Drone  
  32  2:51  Hatchery  
  32  2:54  Overlord  
  32  2:57  Zergling x2  
  32  2:59  Zergling x2  
  33  3:07  Zergling x2  
  33  3:08  Zergling x4  
  36  3:13  Drone x2  
  36  3:17  Drone x2  
  36  3:19  Drone  
  41  3:21  Drone  
  41  3:24  Drone  
  41  3:25  Baneling  
  41  3:26  Baneling  
  43  3:27  Baneling  
  43  3:28  Baneling  
  43  3:30  Drone  
  44  3:35  Overlord  
  44  3:44  Overlord  
  44  3:50  Overlord  
  44  3:53  Drone x6  
  50  3:55  Extractor  
  50  4:00  Overlord  
  49  4:03  Drone  
  49  4:06  Drone  
  50  4:10  Drone  
  50  4:12  Drone  
  50  4:14  Drone  
  50  4:15  Evolution Chamber  
  50  4:16  Roach Warren  
  51  4:18  Drone  
  51  4:20  Drone  
  51  4:21  Drone x2  
  55  4:26  Extractor  
  55  4:28  Overlord  
  55  4:29  Drone  
  55  4:30  Drone  
  56  4:41  Drone  
  56  4:44  Drone x2  
  56  4:45  Drone x2  
  61  4:46  Lair  
  61  4:47  Drone  
  61  4:50  Drone  
  59  4:57  Drone  
  59  4:58  Drone x6  
  63  5:02  Zerg Missile Weapons Level 1  
  63  5:05  Drone  
  63  5:06  Queen  
  66  5:08  Baneling  
  66  5:10  Baneling  
  66  5:12  Drone  
  66  5:13  Overlord  
  67  5:17  Roach x2  
  67  5:18  Roach  
  67  5:20  Extractor, Drone  
  74  5:21  Drone  
  74  5:28  Roach x2  
  78  5:30  Roach x3  
  78  5:32  Roach  
  78  5:33  Drone  
  87  5:40  Drone  
  87  5:41  Roach  
  90  5:44  Glial Reconstitution  
  90  5:45  Overlord  
  90  5:50  Overlord  
  90  5:52  Roach  
  90  5:53  Extractor  
  91  5:59  Roach  
  91  6:00  Roach x2  
  91  6:01  Overlord  
  97  6:07  Roach x4  
  105  6:13  Drone x3  
  108  6:18  Drone  
  108  6:19  Drone  
  108  6:21  Burrow  
  108  6:23  Hatchery, Roach x3  
  115  6:27  Roach x2  
  115  6:28  Roach  
  115  6:29  Ravager  
  115  6:32  Overlord x3  
  122  6:41  Extractor  
  122  6:42  Drone  
  122  6:50  Overseer  
  122  6:53  Drone x2  
  124  6:54  Unknown  
  124  6:57  Overlord x5  
  124  6:58  Roach  
  124  6:59  Roach x5  
  136  7:02  Tunneling Claws  
  136  7:07  Roach  
  136  7:08  Roach  
  140  7:11  Roach x2  
  140  7:14  Overseer  
  144  7:18  Roach x4  
  144  7:22  Roach  
  154  7:26  Zerg Missile Weapons Level 2  
  154  7:30  Drone  
  154  7:31  Drone x3  
  154  7:35  Extractor  
  154  7:36  Roach x2  
  161  7:39  Roach x2  
  165  7:53  Drone, Spine Crawler  
  165  7:54  Spine Crawler  
  165  7:55  Roach x6  
  165  7:58  Roach x2  
  180  8:00  Roach  
  180  8:02  Roach x15  
  180  8:03  Overlord x2  
  182  8:12  Roach x5  
  192  8:23  Roach x7  
  200  8:29  Roach  
  200  8:30  Roach x2  
  200  8:31  Roach  
  200  8:32  Roach  
  197  8:37  Roach  
  197  8:39  Roach x4  
  197  8:40  Roach x5  
  196  8:49  Roach x3  
  196  8:51  Roach  
  196  8:52  Roach x6  
  196  8:55  Roach  
  194  8:56  Roach  
  194  8:57  Roach x3  
  194  9:00  Roach x14  
  194  9:02  Roach  
  180  9:03  Roach x5  
  180  9:04  Queen, Roach x4  
  180  9:05  Roach x3  
  180  9:08  Roach  
  175  9:11  Roach  
  175  9:13  Roach  
  175  9:14  Roach x2  
  175  9:15  Roach x2  
  164  9:17  Roach  
  164  9:19  Roach x3  
  164  9:20  Roach x3  
  164  9:23  Roach  
  160  9:27  Roach  
  152  9:31  Roach  
  152  9:32  Roach  
  152  9:34  Roach x2  
  152  9:36  Roach  
  152  9:37  Roach  
  158  9:40  Roach x2  
  158  9:44  Roach  
  143  9:46  Roach  
  143  9:47  Roach x2  
  143  9:48  Roach  
  143  9:49  Roach  
  148  9:52  Roach  
  148  9:55  Roach x10  
  148  9:57  Overseer, Roach  
  152  10:00  Roach  
  152  10:02  Roach  
  152  10:06  Roach  
  158  10:11  Roach x2  
  158  10:13  Roach  
  158  10:16  Roach  
  158  10:17  Roach x10  
  158  10:19  Roach  
  162  10:22  Roach  
  162  10:25  Roach  
  162  10:27  Roach  
  162  10:28  Roach x21  
  168  10:30  Roach  
  168  10:33  Roach  
  168  10:35  Roach  
  168  10:37  Roach  
  168  10:39  Ravager, Queen  
  173  10:46  Roach x3  
  179  10:51  Roach  
  179  10:55  Roach  
  179  10:56  Roach x2  
  183  10:58  Roach  
  183  11:02  Roach  
  183  11:03  Roach  
  187  11:05  Roach  
  187  11:06  Roach  
  187  11:07  Roach  
  187  11:09  Roach x47  
  187  11:11  Roach  
  177  11:13  Roach  
  177  11:14  Roach x3  
  177  11:15  Roach  
  177  11:17  Roach  
  177  11:18  Roach  
  175  11:19  Roach  
  175  11:20  Roach  
  175  11:21  Roach  
  175  11:23  Roach  
  183  11:27  Roach x7  
  183  11:29  Roach x2  
  183  11:33  Roach x4  
  183  11:35  Roach  
  183  11:37  Roach  
  185  11:40  Roach  
  185  11:44  Roach x3  
  185  11:47  Roach  
  169  11:48  Roach x30  
  169  11:51  Roach x5  
  169  11:53  Overseer  
  163  11:54  Roach  
  163  11:59  Roach  
  165  12:01  Roach  
  165  12:02  Roach x4  
  165  12:04  Roach  
  165  12:06  Roach  
  181  12:08  Roach  
  181  12:11  Ravager x4  
  181  12:13  Ravager x3  
  181  12:14  Ravager  
  189  12:17  Hatchery  
  189  12:18  Spine Crawler  
  189  12:19  Roach  
  189  12:22  Roach  
  191  12:24  Roach  
  191  12:27  Roach  
  191  12:28  Roach  
  197  12:32  Roach  
  197  12:33  Overseer  
  197  12:40  Roach  
  197  12:41  Roach x2  
  165  12:45  Roach  
  165  12:46  Roach x2  
  165  12:49  Roach  
  157  12:52  Roach  
  157  12:53  Roach  
  157  12:58  Roach  
  163  13:02  Roach  
  157  13:07  Queen  
  157  13:09  Roach  
  149  13:14  Drone x29  
  149  13:16  Roach x2  
  149  13:18  Roach  
  141  13:25  Roach  
  129  13:30  Roach x3  
  129  13:31  Roach  
  121  13:36  Roach  
  121  13:39  Roach  
  117  13:42  Roach  
  103  13:57  Roach  
Tags
 
Add a new tag
Caveats
  • Supply blocks, unpowered buildings, or Contaminate may cause inaccurate times.
  • Supply counts are checked every 10 seconds.